 Dungeon Crawl Stone Soup version 0.28.0 (webtiles) character file.

Game seed: 9409947619134910751

1744 jimeh the Transmogrifier (level 8, -3/71 HPs)
             Began as a Green Draconian Transmuter on Feb 7, 2022.
             Slain by Duvessa (5 damage)
             ... on level 5 of the Dungeon.
             The game lasted 00:24:32 (7036 turns).

jimeh the Transmogrifier (DrTm)                     Turns: 7036, Time: 00:24:33

Health: -3/71      AC:  6    Str: 19    XL:     8   Next: 77%
Magic:  10/11      EV: 12    Int: 16    God:
Gold:   83         SH:  0    Dex: 11    Spells: 2/11 levels left

rFire   . . .      SeeInvis .     - Unarmed
rCold   . . .      Faith    .   (no shield)
rNeg    . . .      Spirit   .   (armour unavailable)
rPois   +          Reflect  .   (helmet currently unavailable)
rElec   .          Harm     .   (no cloak)
rCorr   .          Rampage  .   (no gloves)
Will    .....                   (boots currently unavailable)
Stlth   +.........              (no amulet)
HPRegen 0.21/turn               n - +6 ring of strength
MPRegen 0.12/turn               (no ring)

@: appendages (expiring), wereblooded
A: horns 2, talons 2, breathe noxious fumes, AC +6, unfitting armour, poison
resistance, cold-blooded, screaming 1
a: Breathe Noxious Fumes, End Transformation


You were on level 5 of the Dungeon.
You had temporarily grown beastly horns and talons.
You visited 1 branch of the dungeon, and saw 5 of its levels.

You collected 107 gold pieces.
You spent 24 gold pieces at shops.

Inventory:

Missiles
 a - 134 stones
 i - 6 silver javelins
 t - 4 javelins
Armour
 l - a +0 pair of boots (melded)
Jewellery
 n - a +6 ring of strength (left hand)
Wands
 e - a wand of charming (11)
 m - a wand of mindburst (1)
Scrolls
 b - a scroll of fog
 c - 2 scrolls of magic mapping
 f - a scroll of torment {unknown}
 g - a scroll of silence
 h - a scroll of amnesia
 j - a scroll of fear {unknown}
 k - a scroll of immolation {unknown}
 o - 2 scrolls of identify
Potions
 d - 2 potions of might
 p - 3 potions of brilliance {unknown}
 q - a potion of berserk rage {unknown}
 r - 2 potions of curing


   Skills:
 - Level 6.5 Fighting
 - Level 1.7 Dodging
 - Level 5.5 Unarmed Combat
 - Level 2.0 Spellcasting
 + Level 8.6 Transmutations


You had 2 spell levels left.
You knew the following spells:

 Your Spells              Type           Power      Damage    Failure   Level
a - Beastly Appendage     Tmut           58%        N/A       1%          1
b - Wereblood             Tmut           29%        N/A       1%          2
c - Spider Form           Tmut/Pois      15%        N/A       11%         3
d - Vampiric Draining     Necr           1%         2d6       52%         3

Your spell library contained the following spells:

 Spells                   Type           Power      Damage    Failure   Level
 Slow                     Hex            4%         N/A       21%         1
 Ice Form                 Ice/Tmut       15%        N/A       34%         4
 Confusing Touch          Hex            1%         N/A       52%         3
 Borgnjor's Revivificati  Necr           0%         N/A       100%        8
 Necromutation            Tmut/Necr      7%         N/A       100%        8
 Death's Door             Necr           0%         N/A       100%        9


Dungeon Overview and Level Annotations

Branches:
Dungeon (5/15)
 Temple: D:4-7

Altars:
Makhleb
Nemelex Xobeh

Shops:
D:3 *   D:4 (

Annotations:
D:5 Dowan, Duvessa


Innate Abilities, Weirdness & Mutations

You have temporarily grown beastly horns and talons.
You can breathe blasts of noxious fumes.
Your lurid green scales are hard. (AC +6)
You cannot fit into any form of body armour.
Your system is resistant to poisons. (rPois)
You are cold-blooded and may be slowed by cold attacks.
You occasionally shout uncontrollably at your foes.


Message History

Aiming: Mindburst
Press: ? - help, Shift-Dir - straight line, f - Pikel
Aim: Pikel, wielding a +1 whip of flaming and wearing a +0 robe (severely wounded, chance to affect: 64%) Pikel's mind is blasted!
You feel a bit better.
You blow up Pikel!
With Pikel's spell broken, his former minions thank you for their freedom.
The lemure departs this earthly plane. x2
Your transformation is almost over.
The orc warrior closely misses you.
Your Transmutations skill gained 2 levels and is now at level 8!
Aiming: Mindburst
Press: ? - help, Shift-Dir - straight line, f - orc priest
Aim: an orc priest, wielding a +0 club (chance to affect: 64%)
The orc priest struggles to resist.
The orc warrior hits you from afar with a +0 trident!
* * * LOW HITPOINT WARNING * * *
You punch the orc!
You feel a bit better.
You kill the orc!
The orc warrior hits you from afar with a +0 trident!
* * * LOW HITPOINT WARNING * * *
You barely miss the orc priest. Your kick misses the orc priest.
You headbutt the orc priest!
The orc priest is severely wounded.
The orc warrior barely misses you.
You punch the orc priest!
You feel a bit better.
You kill the orc priest!
The orc warrior hits you from afar with a +0 trident.
* * * LOW HITPOINT WARNING * * *
Duvessa shouts!
You hear a shout!
Okay, then.
Okay, then.
Aiming: Charm
Press: ? - help, Shift-Dir - straight line, f - orc warrior
Aim: an orc warrior, wielding a +0 trident and wearing a +0 chain mail (chance to affect: 49%)
The orc warrior is charmed.
Dowan points at you and mumbles some strange words.
The puff of frost hits you!
* * * LOW HITPOINT WARNING * * *
Duvessa hits you with a +0 short sword of holy wrath.
You die...

#####..# #..#....# #.....##
#....##.#. ###.#####
#.#...... . #...#
#.#.#.#e##.# ..###
#...#.#....#. ..###
##............
....########............
###...........#.e.#...#
......######.##.@.#..#
....#.#####..##......#
....#....##.###.o....#
†...####........)..### ....#
###....))....# .. ....#
###............. ....
########.....##....####.....
# ##.......##.##..........
#####.......###.##.<........


You could see Duvessa, Dowan and a friendly orc warrior (charmed).

Vanquished Creatures
  Pikel (D:5)
  Edmund (D:4)
  Menkaure (D:4)
  A black bear (D:4)
  2 ogres
  A phantom (D:4)
  A water moccasin zombie (D:5)
  4 wights
  3 orc priests
  2 hounds
  A jelly (D:4)
  2 orc wizards
  A hound skeleton (D:4)
  Robin (D:3)
  7 adders
  A gnoll (D:1)
  3 ufetubi
  An adder skeleton (D:4)
  2 worms
  3 dart slugs
  15 orcs
  10 ball pythons
  6 endoplasms
  3 giant cockroaches
  20 goblins
  12 hobgoblins
  7 quokkas
  7 bats
  5 frilled lizards
  8 kobolds
  6 rats
138 creatures vanquished.

Notes
Turn   | Place    | Note
-------+----------+-------------------------------------------
     0 | D:1      | jimeh the Draconian Transmuter began the quest for the Orb.
     0 | D:1      | Reached XP level 1. HP: 16/16 MP: 3/3
   273 | D:1      | Reached XP level 2. HP: 23/23 MP: 3/5
   715 | D:1      | Reached XP level 3. HP: 11/28 MP: 4/6
   718 | D:1      | Learned a level 2 spell: Wereblood
   722 | D:1      | Learned a level 3 spell: Spider Form
  1562 | D:2      | Reached XP level 4. HP: 32/35 MP: 4/7
  1763 | D:2      | Found a burning altar of Makhleb.
  1770 | D:2      | Reached skill level 5 in Unarmed Combat
  2205 | D:2      | Noticed a phantom
  2635 | D:3      | Found a faded altar of an unknown god.
  2669 | D:3      | Found Xiuxoagu's General Store.
  2671 | D:3      | Noticed Robin
  2708 | D:3      | Killed Robin
  2709 | D:3      | Reached XP level 5. HP: 41/41 MP: 5/8
  2985 | D:3      | Bought a scroll of identify for 24 gold pieces
  2998 | D:3      | Gained mutation: You tend to lose your temper in combat.
                  | [potion of mutation]
  2998 | D:3      | Gained mutation: You have a pair of small horns on your
                  | head. [potion of mutation]
  2999 | D:3      | Lost mutation: You tend to lose your temper in combat.
                  | [potion of mutation]
  2999 | D:3      | Lost mutation: You have a pair of small horns on your head.
                  | [potion of mutation]
  2999 | D:3      | Gained mutation: You are robust. (+10% HP) [potion of
                  | mutation]
  2999 | D:3      | Gained mutation: Your spells are a little easier to cast,
                  | but a little less powerful. [potion of mutation]
  2999 | D:3      | Gained mutation: You have hidden genetic defects. [potion
                  | of mutation]
  3742 | D:4      | Noticed an ogre
  3754 | D:4      | Killed an ogre
  3755 | D:4      | Reached XP level 6. HP: 46/58 MP: 5/9
  3757 | D:4      | Lost mutation: You are robust. (+10% HP) [hidden defects]
  4029 | D:4      | Noticed Edmund
  4043 | D:4      | Learned a level 3 spell: Vampiric Draining
  4057 | D:4      | Killed Edmund
  4058 | D:4      | Reached skill level 5 in Fighting
  4058 | D:4      | Gained mutation: You tend to lose your temper in combat.
                  | [hidden defects]
  4058 | D:4      | Lost mutation: You have hidden genetic defects. [hidden
                  | defects expressed]
  4059 | D:4      | Lost mutation: Your spells are a little easier to cast, but
                  | a little less powerful. [potion of mutation]
  4059 | D:4      | Lost mutation: You tend to lose your temper in combat.
                  | [potion of mutation]
  4059 | D:4      | Gained mutation: You occasionally shout uncontrollably at
                  | your foes. [potion of mutation]
  4096 | D:4      | Found a sparkling altar of Nemelex Xobeh.
  4169 | D:4      | Found Rieschaem's Antique Weapon Boutique.
  4186 | D:4      | Your scales start taking on a lurid green colour.
  4186 | D:4      | Reached XP level 7. HP: 47/63 MP: 7/10
  4186 | D:4      | Gained mutation: Your system is resistant to poisons.
                  | (rPois) [Green Draconian growth]
  4630 | D:4      | Reached skill level 3 in Transmutations
  4987 | D:5      | Entered Level 5 of the Dungeon
  5190 | D:5      | Identified a scroll of acquirement
  5190 | D:5      | Acquired the ring of Bodily Harmony {rC+ rCorr Dex+3}
  5198 | D:5      | HP: 1/64 [orc priest/divine providence (11)]
  5219 | D:5      | HP: 2/64 [ufetubus (2)]
  5565 | D:4      | Reached skill level 4 in Transmutations
  5952 | D:5      | Noticed Menkaure
  5954 | D:5      | Noticed Dowan
  5956 | D:5      | Noticed Duvessa
  5965 | D:4      | Reached skill level 5 in Transmutations
  6008 | D:5      | Noticed Pikel
  6394 | D:4      | Killed Menkaure
  6395 | D:4      | Reached XP level 8. HP: 9/71 MP: 8/11
  6703 | D:4      | Reached skill level 6 in Transmutations
  7028 | D:5      | Killed Pikel
  7029 | D:5      | Reached skill level 8 in Transmutations
  7036 | D:5      | HP: 2/71 [Dowan/puff of frost (7)]
  7036 | D:5      | Slain by Duvessa

Illustrated notes

Levels and vault maps discovered:
D:1:      dpeg_arrival_prison, layout_basic, serial_forest,
          infiniplex_forest_lined_3_way, infiniplex_forest_join,
          infiniplex_forest_clump_diagonal, infiniplex_forest_corner_1,
          infiniplex_forest_fountain, infiniplex_forest_lined_room_2
D:2:      layout_basic, basic_altar, minmay_ruptured
D:3:      layout_basic, serial_shops, nicolae_diamond_shop,
          hellmonk_ecumenical_altar_heavens_door, uniq_robin
D:4:      layout_cave_pods, nemelex_spade_bored_becter, serial_shops, shop,
          uniq_edmund
D:5:      layout_rooms, minmay_temple_entry_ruins, uniq_duvessa, uniq_menkaure,
          uniq_pikel

Skill      XL: |  1  2  3  4  5  6  7  8 |
---------------+-------------------------+-----
Unarmed Combat | 4 5 |  5.5
Fighting       | 2 4 6 |  6.5
Transmutations | 5 8 |  8.6
Dodging        | |  1.7
Spellcasting   | |  2.0

Action                   |  1- 3 |  4- 6 |  7- 9 || total
-------------------------+-------+-------+-------++-------
Melee: Unarmed           |    74 |   199 |   122 ||   395
       Tailslap          |     8 |    18 |    19 ||    45
       Headbutt          |    10 |    12 |    20 ||    42
       Kick              |    10 |    13 |    24 ||    47
       Punch             |       |     5 |     7 ||    12
 Cast: Beastly Appendage |    16 |    20 |    13 ||    49
       Wereblood         |     4 |    18 |     9 ||    31
 Abil: Breathe Noxious F |       |       |     3 ||     3
Evoke: Wand              |       |     5 |     3 ||     8
  Use: Potion            |       |     7 |       ||     7
       Scroll            |       |     5 |     5 ||    10
 Stab: Sleeping          |     1 |     1 |       ||     2
       Confused          |       |       |     2 ||     2
Armor: Skin              |    19 |    69 |    52 ||   140
Dodge: Dodged            |    49 |   116 |   105 ||   270
